 Dungeon Crawl Stone Soup version 0.28.0-47-ge53b351184 (webtiles) character file.

Game seed: 4821216568376366286

13 Gabide the Grave Robber (level 2, -1/20 HPs)
             Began as a Mummy Necromancer on May 7, 2022.
             Slain by a gnoll
             ... wielding a +0 club
              (4 damage)
             ... on level 1 of the Dungeon.
             The game lasted 00:01:22 (821 turns).

Gabide the Grave Robber (Mummy Necromancer)          Turns: 821, Time: 00:01:23

Health: -1/20      AC:  3    Str: 11    XL:     2   Next: 24%
Magic:  0/5        EV: 12    Int: 14    God:
Gold:   53         SH:  0    Dex: 12    Spells: 5/6 levels left

rFire   x . .      SeeInvis .   (no weapon)
rCold   + . .      Faith    .   (no shield)
rNeg    + + +      Spirit   .   a - +0 robe
rPois   ∞          Reflect  .   (no helmet)
rElec   .          Harm     .   (no cloak)
rCorr   .          Rampage  .   b - +0 pair of gloves {infuse}
Will    .....                   (no boots)
Stlth   ++........              (no amulet)
HPRegen 0.06/turn               (no ring)
MPRegen 0.09/turn               (no ring)

@: no status effects
A: cold resistance 1, negative energy resistance 3, torment resistance 2, heat
vulnerability 1, no potions
a: no special abilities


You were on level 1 of the Dungeon.
You visited 1 branch of the dungeon, and saw 1 of its levels.

You collected 53 gold pieces.

Inventory:

Armour
 a - a +0 robe (worn)
 b - a +0 pair of gloves of infusion (worn)
Scrolls
 c - a scroll of blinking {unknown}


   Skills:
 + Level 0.6 Fighting
 + Level 1.7 Dodging
 - Level 1.5 Stealth
 + Level 2.9 Spellcasting
 * Level 4.2 Necromancy


You had 5 spell levels left.
You knew the following spells:

 Your Spells              Type           Power      Damage    Failure   Level
a - Pain                  Necr           52%        1d6       3%          1

Your spell library contained the following spells:

 Spells                   Type           Power      Damage    Failure   Level
 Animate Skeleton         Necr           26%        N/A       3%          1
 Vampiric Draining        Necr           13%        2d6       12%         3
 Animate Dead             Necr           6%         N/A       36%         4
 Agony                    Necr           13%        N/A       71%         5


Dungeon Overview and Level Annotations

Branches:
Dungeon (1/15)

Altars:


Innate Abilities, Weirdness & Mutations

You are immune to poison.
Your flesh is cold resistant. (rC+)
You are immune to negative energy. (rN+++)
You are immune to unholy pain and torment.
You are vulnerable to heat. (rF-)
You do not drink.


Message History

You see here a frilled lizard corpse.
There is a stone staircase leading down here.
Found 10 sling bullets.
A gnoll comes into view. It is wielding a +0 club.
The gnoll shouts!
The gnoll writhes in agony.
The gnoll writhes in agony.
The gnoll writhes in agony.
The gnoll barely resists.
The gnoll misses you.
The gnoll barely resists.
The gnoll hits you with a +0 club.
You barely miss the gnoll.
The gnoll is moderately wounded.
The gnoll barely misses you.
You closely miss the gnoll.
The gnoll is moderately wounded.
The gnoll hits you with a +0 club. The gnoll misses you.
The gnoll barely resists.
The gnoll hits you with a +0 club.
You are too injured to fight recklessly!
Aiming: Pain (safe; 3% risk of failure)
Press: ? - help, Q - select action Shift-Dir - straight line, f/p - gnoll
Aim: a gnoll, wielding a +0 club (moderately wounded, chance to affect: 76%)
The gnoll writhes in agony.
Aiming: Pain (safe; 3% risk of failure)
Press: ? - help, Q - select action Shift-Dir - straight line, f/p - gnoll
Aim: a gnoll, wielding a +0 club (heavily wounded, chance to affect: 76%)
The gnoll barely resists.
The gnoll hits you with a +0 club!
* * * LOW HITPOINT WARNING * * *
Aiming: Pain (safe; 3% risk of failure)
Press: ? - help, Q - select action Shift-Dir - straight line, f/p - gnoll
Aim: a gnoll, wielding a +0 club (heavily wounded, chance to affect: 76%)
The gnoll writhes in agony.
The gnoll misses you.
Aiming: Pain (safe; 3% risk of failure)
Press: ? - help, Q - select action Shift-Dir - straight line, f/p - gnoll
Aim: a gnoll, wielding a +0 club (almost dead, chance to affect: 76%)
The gnoll writhes in agony.
The gnoll hits you with a +0 club.
You die...

..........##.# #.#####
#.##########.# #.#...##
#.##.## #.# #..###.##
#.#...### #.# ##.## ##.##
....#...# #.# #.## ##>####
###...#.# #.# #.# #.....
##.##.# #.# #.## ##.####
#.##.# #.########.## ##.##
#.##.# #...g@...#..###.##
..##.# ########.#)#..)##
.###.# ###.#.##.## .. #.#
##........######## .. ..#
##.#............... #.(
##.#######.##.##.###########
................#
..#######.##.##.# #.#
##.#.#.##


You could see a gnoll.

Vanquished Creatures
  2 ball pythons (D:1)
  An endoplasm (D:1)
  A goblin (D:1)
  2 hobgoblins (D:1)
  3 kobolds (D:1)
  A bat (D:1)
  2 frilled lizards (D:1)
12 creatures vanquished.

Notes
Turn   | Place    | Note
-------+----------+-------------------------------------------
     0 | D:1      | Gabide the Mummy Necromancer began the quest for the Orb.
     0 | D:1      | Reached XP level 1. HP: 13/13 MP: 4/4
   331 | D:1      | Reached XP level 2. HP: 20/20 MP: 3/5
   821 | D:1      | Slain by a gnoll

Illustrated notes

Levels and vault maps discovered:
D:1:      matt_arrival_diagonals, layout_loops_ring, minmay_shallow_snake_nest

Action                   || total
-------------------------++-------
Melee: Unarmed           ||    13
 Cast: Pain              ||    36
Armor: Robe              ||     1
Dodge: Dodged            ||    14
